 Dungeon Crawl Stone Soup version 0.32-a0-391-gce5c0aab1b (webtiles) character file.

Game seed: 307066911668808385

1180 2tousent the Ducker (level 8, -1/64 HPs)
             Began as a Felid Monk on Feb 19, 2024.
             Killed from afar by an orc wizard (7 damage)
             ... with a magic dart
             ... on level 6 of the Dungeon.
             The game lasted 00:10:10 (5248 turns).

2tousent the Ducker (Felid Monk)                    Turns: 5248, Time: 00:10:11

Health: -1/64      AC:  2    Str:  9    XL:     8   Next: 18%
Magic:  9/9        EV: 21    Int: 14    God:
Gold:   109        SH:  0    Dex: 19    Spells: 7/7 levels left
                                        Lives:  0   Deaths: 3

rFire   . .          .
                       - Unarmed
rCold   . . .        (shield unavailable)
rNeg    . . .        (body armour unavailable)
rPois   .            (helmet unavailable)
rElec   .            (cloak unavailable)
rCorr   .            (gloves unavailable)
SInv    +            (boots unavailable)
Will    +....        (no amulet) Stlth
                     (no ring)
HPRegen 0.30/turn    (no ring)
MPRegen 0.11/turn

%: no passive effects
@: berserking, beast-form, very quick
A: beast (slay +1), very small, claws 1, fangs 3, see invisible, shaggy fur 2,
stealthy paws, no weapons or thrown items, no armour, multi-lived
a: Begin Untransformation


You were on level 6 of the Dungeon.
You were a hulking beast.
You visited 2 branches of the dungeon, and saw 7 of its levels.

You collected 172 gold pieces.
You spent 63 gold pieces at shops.

Inventory:

Talismans
 a - a beast talisman (active)
Wands
 j - a wand of iceblast (10)
 n - a wand of paralysis (12)
 o - a wand of mindburst (14)
 q - a wand of flame (18)
Scrolls
 b - a scroll of fear
 c - 2 scrolls of immolation
 f - 3 scrolls of enchant weapon
 k - 2 scrolls of brand weapon
 m - a scroll of blinking
Potions
 e - 2 potions of magic {unknown}
 g - a potion of might {unknown}
 h - 4 potions of mutation
 i - a potion of cancellation
 l - a potion of brilliance


   Skills:
 + Level 5.1 Fighting
 + Level 6.6 Dodging
 + Level 5.2 Stealth
 * Level 6.3 Unarmed Combat
 * Level 2.9 Shapeshifting


You had 7 spell levels left.
You didn't know any spells.
Your spell library contained the following spells:

 Spells                   Type           Power      Damage    Failure   Level
 Ensorcelled Hibernation  Hex/Ice        0%         N/A       41%         2
 Passwall                 Erth           0%         N/A       65%         3
 Swiftness                Air            0%         N/A       65%         3


Dungeon Overview and Level Annotations

Branches:
Dungeon (6/15)             Temple (1/1) D:5

Altars:
Cheibriados
Dithmenos
Gozag
Kikubaaqudgha
Makhleb
Nemelex Xobeh
Okawaru
Qazlal
Ru
Sif Muna
Trog
Uskayaw
Vehumet
Wu Jian
Xom
Zin
The Shining One

Shops:
D:5 *:[*


Innate Abilities, Weirdness & Mutations

You are a hulking beast.
Your limbs bulge with bestial killing power. (Slay +1)
You have sharp claws.
You have razor-sharp teeth.
You have supernaturally acute eyesight. (SInv)
You are covered in thick fur. (AC +2)
Your paws help you pounce on unaware monsters.
You are incapable of wielding weapons or throwing items.
You cannot wear armour.
You gain extra lives every three experience levels.


Message History

Found a large rock.
You see here a large rock.
You hear the hiss of a very distant avalanche of sand.
There is an open door here.
There is an open door here.
There is an open door here.
There is an open door here.
A steam dragon, an orc priest and an orc come into view.
The orc shouts!
You hear a shout!
The steam dragon hisses angrily.
An orc wizard comes into view. It is wielding a +0 dagger.
The steam dragon breathes steam at you. The ball of steam hits you!
You hear an angry growl.
You are engulfed in a cloud of scalding steam.
You feel a bit more experienced.
You are too injured to fight recklessly!
It was a potion of cancellation.
You feel magically purged. The steam dragon completely misses you.
The steam dragon closely misses you.
It was a potion of berserk rage.
A red film seems to cover your vision as you go berserk!
You feel yourself moving faster!
You feel mighty! The steam dragon bites you! The steam dragon claws you.
* * * LOW HITPOINT WARNING * * *
You barely miss the steam dragon. You claw the steam dragon!
Your bite misses the steam dragon.
The steam dragon is heavily wounded.
The steam dragon bites you.
* * * LOW HITPOINT WARNING * * *
The steam dragon claws you.
* * * LOW HITPOINT WARNING * * *
You claw the steam dragon!
The steam dragon is almost dead.
You closely miss the steam dragon. You bite the steam dragon.
You kill the steam dragon!
The steam dragon scales are intact enough to wear.
You barely miss the orc wizard.
The orc wizard points at you and mumbles some strange words.
The magic dart hits you!
You die...

#~~~ ♣P..# .o...o...... #.
##### ##'## #........... #
#...###...# #...........
#...#.#...# #.Do........
#...'.'...# #§§§.h.....
#...#.#...#
#§..#........h...
#..[###...#
###.##...$.^......
##'########
#.o.##............ #...#
#h####.......##... ###.#
#.##..............
#.#########.#.........#.....
#..............#.......##...
########....................
#.......#†<....#####.
#.......######## ##
#.......# #########


You could see a black bear and an orc wizard.

Vanquished Creatures
  A steam dragon (D:6)
  Edmund (D:5)
  An ogre (D:5)
  A centaur (D:6)
  2 scorpions
  3 bombardier beetles
  2 hounds
  2 gnoll boudas
  2 sleepcaps (D:4)
  An orc wizard (D:5)
  Natasha (thrice) (D:4)
  5 adders
  9 gnolls
  3 dart slugs
  3 orcs (D:5)
  6 ball pythons
  6 endoplasms
  6 giant cockroaches
  7 goblins
  7 hobgoblins
  10 kobolds
  5 quokkas
  4 bats
  12 frilled lizards
  4 rats (D:1)
106 creatures vanquished.

Vanquished Creatures (others)
  An orc (D:6)
1 creature vanquished.

Grand Total: 107 creatures vanquished

Notes
Turn   | Place    | Note
-------+----------+-------------------------------------------
     0 | D:1      | 2tousent the Felid Monk began the quest for the Orb.
     0 | D:1      | Reached XP level 1. HP: 12/12 MP: 2/2
    19 | D:1      | Reached XP level 2. HP: 8/16 MP: 3/3
   203 | D:1      | Reached XP level 3. HP: 19/20 MP: 4/4
   238 | D:1      | Reached skill level 1 in Stealth
   492 | D:1      | You fall into a shaft and drop 1 floor!
   677 | D:2      | Reached XP level 4. HP: 20/24 MP: 5/5
   677 | D:2      | Gained a life (2 lives remaining)
  1419 | D:2      | Found a faded altar of an unknown god.
  1464 | D:3      | Found a bloodstained altar of Trog.
  1906 | D:3      | Found a snail-covered altar of Cheibriados.
  1937 | D:3      | Found a glowing golden altar of the Shining One.
  2196 | D:4      | Reached skill level 5 in Dodging
  2196 | D:4      | Reached XP level 5. HP: 22/29 MP: 6/6
  2374 | D:4      | Slain by a gnoll
  2374 | D:4      | Lost a life (1 life remaining)
  2641 | D:4      | Noticed Natasha
  2648 | D:4      | Killed Natasha
  2649 | D:4      | Gained mutation: You are covered in thick fur. (AC +2)
                  | [Felid growth]
  2649 | D:4      | Reached XP level 6. HP: 26/33 MP: 7/7
  2679 | D:4      | Noticed Natasha
  2686 | D:4      | Killed Natasha
  2687 | D:4      | Reached skill level 5 in Unarmed Combat
  3673 | D:4      | Noticed Natasha
  3685 | D:4      | Killed Natasha
  3813 | D:5      | Entered Level 5 of the Dungeon
  4040 | D:5      | Found Kujutosk's Assorted Antiques.
  4053 | D:5      | Bought a scroll labelled KUD CUAPREYSO for 23 gold pieces
  4053 | D:5      | Bought a viscous pink potion for 20 gold pieces
  4053 | D:5      | Bought an inky potion for 20 gold pieces
  4111 | D:5      | Reached skill level 1 in Shapeshifting
  4111 | D:5      | Reached XP level 7. HP: 21/38 MP: 8/8
  4111 | D:5      | Gained a life (2 lives remaining)
  4179 | D:5      | Found a staircase to the Ecumenical Temple.
  4197 | D:5      | Noticed Edmund
  4218 | D:5      | Killed Edmund
  4444 | D:5      | HP: 1/38 [gnoll/+0 halberd[a gnoll bouda] (6)]
  4451 | D:5      | Slain by a gnoll
  4451 | D:5      | Lost a life (1 life remaining)
  4460 | Temple   | Entered the Ecumenical Temple
  4557 | D:5      | Found Rehoism's Book Boutique.
  4612 | D:5      | Found Zaimixy's General Store.
  4729 | D:5      | Mangled by an ice beast
  4729 | D:5      | Lost a life (0 lives remaining)
  4839 | D:5      | Identified the blade talisman of Oczu {Str-4 Int+3 SInv}
  4938 | D:5      | Found Vuusa's Armour Shoppe.
  5057 | D:6      | Found an ancient bone altar of Kikubaaqudgha.
  5116 | D:6      | Reached skill level 5 in Fighting
  5116 | D:6      | Reached skill level 5 in Stealth
  5116 | D:6      | Reached XP level 8. HP: 7/43 MP: 9/9
  5248 | D:6      | Killed from afar by an orc wizard

Illustrated notes

Levels and vault maps discovered:
D:1:      dpeg_arrival_arbitrary_b, layout_basic, minmay_lizard_king
D:2:      layout_basic, nicolae_ecumenical_lake_church
D:3:      layout_loops_ring, kennysheep_slug_shrine, lemuel_crystal_altar,
          lemuel_doored_altar, chequers_serial_rivers_marsh
D:4:      layout_basic, uniq_natasha
D:5:      layout_basic, minmay_temple_entry_waves, serial_shops, shop, shop,
          nicolae_take_the_stairs, kennysheep_mini_moat, uniq_edmund
D:6:      layout_rooms, kiku_gazebo_pond_becter,
          nicolae_ossuary_entry_catacombs, serial_bayou_pond_e,
          minmay_misc_feat_chi, nicolae_zen_rock_garden, uniq_crazy_yiuf_cottage
Temple:   nicolae_temple_figure_eight

Skill      XL: |  1  2  3  4  5  6  7 |
---------------+----------------------+-----
Stealth        | 1 2 3 4 5 |  5.2
Unarmed Combat | 4 5 6 |  6.3
Dodging        | 5 6 |  6.6
Fighting       | 4 5 |  5.1
Shapeshifting  | 1 2 |  2.9

Action                     |  1- 3 |  4- 6 |  7- 9 || total
---------------------------+-------+-------+-------++-------
  Melee: Unarmed           |    82 |   196 |    88 ||   366
         Bite              |     6 |    29 |    10 ||    45
         Punch             |     3 |    11 |     2 ||    16
Ability: Begin Untransform |       |     1 |       ||     1
    Use: Potion            |       |     2 |     4 ||     6
         Scroll            |       |    15 |     1 ||    16
   Stab: Sleeping          |     5 |     6 |     3 ||    14
         Invisible         |       |     1 |     1 ||     2
 Armour: Skin              |    13 |    57 |    31 ||   101
  Dodge: Dodged            |    57 |   143 |    71 ||   271
   Form: Beast             |       |     2 |       ||     2

Table legend: (Time is in decaauts)
 A = Elapsed time spent in this place.
 B = Non-inter-level travel time spent in this place.
 C = Inter-level travel time spent in this place.
 D = Time resting spent in this place.
 E = Time spent auto-exploring this place.
 F = Levels seen in this place.
 G = Mean time per level.
                   A        B        C        D        E       F      G
               +--------+--------+--------+--------+--------+-----+--------+
         Total |   5225 |   4962 |    263 |      2 |   3821 |   7 |  746.4 |
       Dungeon |   5145 |   4914 |    231 |      2 |   3821 |   6 |  857.5 |
        Temple |     79 |     47 |     32 |      0 |      0 |   1 |   79.0 |
               +--------+--------+--------+--------+--------+-----+--------+

Top non-repeatable levels by time:
     D:4: 1656 daAuts
     D:5: 1074 daAuts
     D:1: 747 daAuts
     D:3: 718 daAuts
     D:2: 710 daAuts
     D:6: 239 daAuts
  Temple: 79 daAuts
